Devils vs Golden Seals

Created - 24 septembre 2019 at 17:03

Simulating a Pre-Season

Goals
1 2 3 T
Devils 1 3 1 5
Golden Seals 2 0 1 3
Shots
1 2 3 T
Devils 7 18 13 38
Golden Seals 23 5 10 38

1st period

1. Devils , Jeff Skinner 3 (Patrice Bergeron 4, Thomas Hickey 1) at 1:29
2. Golden Seals , Max Domi 1 (Jonathan Toews 2) at 6:38
3. Golden Seals , Ivan Barbashev 1 (Miles Wood 2, Tyler Toffoli 3) at 17:31

Penalties :
No Penalty

2nd period

4. Devils , Marcus Johansson 2 (Dominik Kahun 3, Jared Spurgeon 1) at 3:01
5. Devils , Tyler Johnson 2 (Reilly Smith 2, Brayden Point 4) at 7:09
6. Devils , Brayden Point 1 (Reilly Smith 3) at 12:22

Penalties :
Miles Wood (CLF) for Cross-checking (Minor) at 13:27

3rd period

7. Devils , Marcus Johansson 3 (Dominik Kahun 4, Jared Spurgeon 2) at 1:11
8. Golden Seals , Keith Yandle 1 (Colin Wilson 1, Oskar Lindblom 1) at 6:18

Penalties :
Rasmus Ristolainen (NJD) for Holding (Minor) at 8:43

Goalie Stats

Sergei Bobrovsky (NJD), 35 saves from 38 shots - (0,921), W, 2-0-0, 60:00 minutes
Patrik Rybar (CLF), 33 saves from 38 shots - (0,868), L, 0-2-0, 60:00 minutes

Players Stats for Devils

Player Name              G  A  P  +/- PIM S  H  SB GA TA FO     MP     PP MP  PK MP  
------------------------------------------------------------------------------------
Alec Martinez            0  0  0   1  0   2  2  2  0  0  0/0    20:42   0:42   0:55 
Alex DeBrincat           0  0  0   0  0   2  1  0  1  0  1/1    19:03   1:01   0:00 
Andrew Mangiapane        0  0  0  -1  0   0  0  0  0  0  0/0     8:48   0:00   0:58 
Brayden Point            1  1  2   1  0   3  1  1  0  0  3/13   17:34   0:56   0:03 
Cal O'Reilly             0  0  0  -1  0   0  0  1  0  0  1/1     8:05   0:00   0:58 
Dominik Kahun            0  2  2   2  0   1  0  0  2  0  2/4    14:01   0:02   0:00 
Jared Spurgeon           0  2  2   1  0   2  2  0  0  1  0/0    19:47   0:42   0:00 
Jeff Skinner             1  0  1   0  0   4  1  0  1  0  1/1    18:47   1:01   0:00 
Kevin Connauton          0  0  0   0  0   0  2  0  0  1  0/0    17:08   0:00   1:04 
Kyle Turris              0  0  0   2  0   1  1  0  0  0  5/7    13:07   0:00   0:03 
Marcus Johansson         2  0  2   2  0   8  1  0  0  0  0/2    14:10   0:02   0:00 
Patrice Bergeron         0  1  1   0  0   6  2  0  2  0  15/29  18:47   1:01   0:00 
Rasmus Ristolainen       0  0  0   1  2   2  3  4  0  1  0/0    22:18   1:17   0:00 
Reilly Smith             0  2  2   1  0   3  1  0  0  0  0/1    18:47   0:56   0:58 
Ryan Ellis               0  0  0   1  0   0  1  4  0  0  0/0    23:05   1:17   0:55 
Thomas Hickey            0  1  1   0  0   0  0  1  0  1  0/0    17:08   0:00   1:04 
Tyler Johnson            1  0  1   1  0   4  0  0  1  0  0/0    17:10   0:56   0:00 
Zack Smith               0  0  0  -1  0   0  2  0  0  1  1/1     9:33   0:02   0:58 

Players Stats for Golden Seals

Player Name              G  A  P  +/- PIM S  H  SB GA TA FO     MP     PP MP  PK MP  
------------------------------------------------------------------------------------
Cody Ceci                0  0  0  -2  0   4  2  1  0  1  0/0    23:15   0:00   1:07 
Colin Wilson             0  1  1   1  0   2  1  0  1  0  1/3     9:01   0:07   0:47 
Colton Parayko           0  0  0  -1  0   0  1  5  0  2  0/0    23:37   1:06   1:07 
Ivan Barbashev           1  0  1   1  0   1  1  0  0  1  5/8    11:34   0:00   0:00 
Jaden Schwartz           0  0  0  -2  0   2  3  0  1  0  1/1    18:06   1:00   1:02 
Joe Pavelski             0  0  0  -2  0   1  1  0  0  0  2/2    21:34   1:00   0:06 
Jonathan Toews           0  1  1  -2  0   6  1  0  0  1  12/27  20:38   1:00   0:00 
Keith Yandle             1  0  1  -2  0   2  0  3  0  0  0/0    23:07   1:06   0:00 
Mark Letestu             0  0  0   1  0   1  3  0  0  0  0/0     8:14   0:07   0:00 
Max Domi                 1  0  1  -2  0   4  2  1  0  0  0/1    21:27   0:52   1:00 
Miles Wood               0  1  1   1  2   4  2  0  1  0  1/1    13:33   0:07   0:00 
Nate Schmidt             0  0  0  -1  0   0  2  3  0  0  0/0    22:16   0:53   0:00 
Olli Maatta              0  0  0   1  0   0  0  0  1  0  0/0    14:22   0:53   0:52 
Ondrej Kase              0  0  0  -2  0   6  1  1  1  0  0/1    17:10   0:52   0:00 
Oskar Lindblom           0  1  1   1  0   1  0  0  0  0  0/0     7:14   0:00   0:18 
Robert Hagg              0  0  0   1  0   0  4  0  0  1  0/0    13:23   0:00   0:52 
Tyler Toffoli            0  1  1   1  0   3  1  0  0  0  0/0    12:26   0:52   0:00 
William Karlsson         0  0  0  -2  0   1  0  1  0  1  9/16   17:03   0:00   0:45 

3 Stars

1 - Marcus Johansson (NJD)
2 - Brayden Point (NJD)
3 - Jared Spurgeon (NJD)

Power Play

Devils - 0 on 1 Attempt(s) - 0,00%
Golden Seals - 0 on 1 Attempt(s) - 0,00%

Penalty Kill

Devils - 1 on 1 Attempt(s) - 100,00% - Score 0 goal in Penalty Kill
Golden Seals - 1 on 1 Attempt(s) - 100,00% - Score 0 goal in Penalty Kill

Team Stat

Devils - Hits : 20 - Faceoff Wins : 29 - Blocked Shots : 13 - Penalty Minutes : 2
Golden Seals - Hits : 25 - Faceoff Wins : 31 - Blocked Shots : 15 - Penalty Minutes : 2

Official

Referees : Kendrick Nicholson and Jean Hebert
Linesman : Jonny Murray and Thor Nelson

Game Notes

No Game Note

Devils

5 vs 5 Forward 
   Center                   Left Wing                Right Wing               Time % Phy DF OF 
 1 Patrice Bergeron         Alex DeBrincat           Jeff Skinner             34     0   1  4  
 2 Brayden Point            Reilly Smith             Tyler Johnson            32     0   1  4  
 3 Kyle Turris              Marcus Johansson         Dominik Kahun            25     0   2  3  
 4 Cal O'Reilly             Zack Smith               Andrew Mangiapane        9      0   2  2  

5 vs 5 Defense 
   Defense                  Defense                                           Time % Phy DF OF 
 1 Rasmus Ristolainen       Ryan Ellis                                        35     1   3  1  
 2 Jared Spurgeon           Alec Martinez                                     35     1   3  1  
 3 Kevin Connauton          Thomas Hickey                                     28     1   3  1  
 4 Rasmus Ristolainen       Ryan Ellis                                        2      1   3  1  

PowerPlay Forward 
   Center                   Left Wing                Right Wing               Time % Phy DF OF 
 1 Patrice Bergeron         Alex DeBrincat           Jeff Skinner             60     0   0  5  
 2 Brayden Point            Reilly Smith             Tyler Johnson            40     0   0  5  

PowerPlay Defense
   Defense                  Defense                                           Time % Phy DF OF 
 1 Rasmus Ristolainen       Ryan Ellis                                        50     1   2  2  
 2 Jared Spurgeon           Alec Martinez                                     50     1   2  2  

Penalty Kill 4 Players Forward 
   Center                   Wing                     Time % Phy DF OF 
 1 Zack Smith               Reilly Smith             50     1   4  0  
 2 Cal O'Reilly             Andrew Mangiapane        50     1   4  0  

Penalty Kill 4 Players Defense
   Defense                  Defense                  Time % Phy DF OF 
 1 Kevin Connauton          Thomas Hickey            60     1   4  0  
 2 Ryan Ellis               Alec Martinez            40     1   4  0  

Penalty Kill - 3 Players Forward 
   Forward                                           Time % Phy DF OF 
 1 Zack Smith                                        60     1   4  0  
 2 Reilly Smith                                      40     1   4  0  

Penalty Kill - 3 Players Defense
   Defense                  Defense                  Time % Phy DF OF 
 1 Kevin Connauton          Ryan Ellis               50     1   4  0  
 2 Thomas Hickey            Alec Martinez            50     1   4  0  

4 vs 4 Forward 
   Center                   Wing                     Time % Phy DF OF 
 1 Patrice Bergeron         Brayden Point            60     0   1  4  
 2 Jeff Skinner             Alex DeBrincat           40     0   1  4  

4 vs 4 Defense
   Defense                  Defense                  Time % Phy DF OF 
 1 Rasmus Ristolainen       Ryan Ellis               50     1   2  2  
 2 Jared Spurgeon           Alec Martinez            50     1   2  2  

Last Minutes Offensive
   Center                   Left Wing                Right Wing               Defense                  Defense                  
   Patrice Bergeron         Brayden Point            Jeff Skinner             Rasmus Ristolainen       Ryan Ellis               

Last Minutes Defensive
   Center                   Left Wing                Right Wing               Defense                  Defense                  
   Patrice Bergeron         Brayden Point            Jeff Skinner             Rasmus Ristolainen       Ryan Ellis               

Goaltenders
Starting : Sergei Bobrovsky         
Backup : Jaroslav Halak           

Extra Forwards
Normal : Zack Smith, Marcus Johansson, Kyle Turris - PP : Zack Smith, Marcus Johansson - PK : Kyle Turris
Extra Defensemen
Normal : Kevin Connauton, Thomas Hickey, Jared Spurgeon - PP : Kevin Connauton - PK : Thomas Hickey, Jared Spurgeon
Penalty Shots
Thomas Hickey, Kyle Turris, Ryan Ellis, Brayden Point, Patrice Bergeron
Custom OT Lines Forwards
Patrice Bergeron, Brayden Point, Jeff Skinner, Reilly Smith, Alex DeBrincat, Tyler Johnson, Zack Smith, Marcus Johansson, Kyle Turris, Cal O'Reilly
Custom OT Lines Defensemen
Rasmus Ristolainen, Ryan Ellis, Jared Spurgeon, Alec Martinez, Kevin Connauton

Scratches
None

Golden Seals

5 vs 5 Forward 
   Center                   Left Wing                Right Wing               Time % Phy DF OF 
 1 Jonathan Toews           Max Domi                 Joe Pavelski             40     0   1  4  
 2 William Karlsson         Ondrej Kase              Jaden Schwartz           30     0   2  3  
 3 Ivan Barbashev           Tyler Toffoli            Miles Wood               20     0   2  3  
 4 Colin Wilson             Oskar Lindblom           Mark Letestu             10     1   2  2  

5 vs 5 Defense 
   Defense                  Defense                                           Time % Phy DF OF 
 1 Nate Schmidt             Colton Parayko                                    39     0   3  2  
 2 Cody Ceci                Keith Yandle                                      39     0   3  2  
 3 Olli Maatta              Robert Hagg                                       22     1   3  1  
 4 Keith Yandle             Colton Parayko                                    0      1   2  2  

PowerPlay Forward 
   Center                   Left Wing                Right Wing               Time % Phy DF OF 
 1 Jonathan Toews           Joe Pavelski             Jaden Schwartz           60     1   0  4  
 2 Tyler Toffoli            Max Domi                 Ondrej Kase              40     1   0  4  

PowerPlay Defense
   Defense                  Defense                                           Time % Phy DF OF 
 1 Keith Yandle             Colton Parayko                                    70     0   1  4  
 2 Nate Schmidt             Olli Maatta                                       30     0   1  4  

Penalty Kill 4 Players Forward 
   Center                   Wing                     Time % Phy DF OF 
 1 Jaden Schwartz           Miles Wood               60     1   4  0  
 2 Mark Letestu             Jonathan Toews           40     1   4  0  

Penalty Kill 4 Players Defense
   Defense                  Defense                  Time % Phy DF OF 
 1 Cody Ceci                Colton Parayko           60     1   4  0  
 2 Olli Maatta              Robert Hagg              40     1   4  0  

Penalty Kill - 3 Players Forward 
   Forward                                           Time % Phy DF OF 
 1 Mark Letestu                                      60     1   4  0  
 2 Jaden Schwartz                                    40     1   4  0  

Penalty Kill - 3 Players Defense
   Defense                  Defense                  Time % Phy DF OF 
 1 Cody Ceci                Keith Yandle             60     0   5  0  
 2 Olli Maatta              Colton Parayko           40     0   5  0  

4 vs 4 Forward 
   Center                   Wing                     Time % Phy DF OF 
 1 Jonathan Toews           Jaden Schwartz           60     0   2  3  
 2 Max Domi                 Ondrej Kase              40     0   2  3  

4 vs 4 Defense
   Defense                  Defense                  Time % Phy DF OF 
 1 Cody Ceci                Keith Yandle             60     0   3  2  
 2 Colton Parayko           Nate Schmidt             40     0   3  2  

Last Minutes Offensive
   Center                   Left Wing                Right Wing               Defense                  Defense                  
   Jonathan Toews           Jaden Schwartz           Joe Pavelski             Colton Parayko           Keith Yandle             

Last Minutes Defensive
   Center                   Left Wing                Right Wing               Defense                  Defense                  
   Jonathan Toews           Jaden Schwartz           Mark Letestu             Colton Parayko           Cody Ceci                

Goaltenders
Starting : Patrik Rybar             
Backup : Andrei Vasilevskiy       

Extra Forwards
Normal : Miles Wood, Jaden Schwartz, Joe Pavelski - PP : Miles Wood, Colin Wilson - PK : Jaden Schwartz
Extra Defensemen
Normal : Keith Yandle, Olli Maatta, Colton Parayko - PP : Keith Yandle - PK : Colton Parayko, Robert Hagg
Penalty Shots
Jonathan Toews, Joe Pavelski, Ondrej Kase, Jaden Schwartz, Mark Letestu
Custom OT Lines Forwards
Joe Pavelski, Jaden Schwartz, Jonathan Toews, Tyler Toffoli, Ondrej Kase, Max Domi, Miles Wood, William Karlsson, Colin Wilson, Mark Letestu
Custom OT Lines Defensemen
Keith Yandle, Colton Parayko, Cody Ceci, Nate Schmidt, Olli Maatta

Scratches
Adam Mascherin (Healthy), Ryan Olsen (Healthy), Brandon Baddock (Healthy), Nick Cousins (Healthy), Angus Redmond (Healthy)

% Time on Ice - Devils

Lines # - Real PCT - Wanted PCT - Time Play
Normal Forward
1 - 35% - 34% - 19:42
2 - 29% - 32% - 16:14
3 - 23% - 25% - 12:59
4 - 13% - 9% - 7:07
Normal Defense
1 - 36% - 35% - 20:10
2 - 34% - 35% - 19:05
3 - 29% - 28% - 16:01
4 - 1% - 2% - 0:46
PP Forward
1 - 53% - 60% - 1:03
2 - 47% - 40% - 0:56
PP Defense
1 - 65% - 50% - 1:17
2 - 35% - 50% - 0:42
PK Forward
1 - 51% - 50% - 1:01
2 - 49% - 50% - 0:58
PK Defense
1 - 54% - 60% - 1:04
2 - 46% - 40% - 0:55
PK3 Forward
1 - 0% - 60%
2 - 0% - 40%
PK3 Defense
1 - 0% - 50%
2 - 0% - 50%
44 Forward
1 - 0% - 60%
2 - 0% - 40%
44 Defense
1 - 0% - 50%
2 - 0% - 50%
Last Minute Offensive  - 0:00
Last Minute Defensive  - 0:00
Total
Forward - 60:00
Defense - 60:00

% Time on Ice - Golden Seals

Lines # - Real PCT - Wanted PCT - Time Play
Normal Forward
1 - 39% - 40% - 21:46
2 - 29% - 30% - 16:18
3 - 21% - 20% - 11:34
4 - 11% - 10% - 6:24
Normal Defense
1 - 38% - 39% - 21:26
2 - 39% - 39% - 22:05
3 - 22% - 22% - 12:31
4 - 0% - 0% - 0:00
PP Forward
1 - 56% - 60% - 1:07
2 - 44% - 40% - 0:52
PP Defense
1 - 55% - 70% - 1:06
2 - 45% - 30% - 0:53
PK Forward
1 - 100% - 60% - 1:59
2 - 0% - 40% - 0:00
PK Defense
1 - 56% - 60% - 1:07
2 - 44% - 40% - 0:52
PK3 Forward
1 - 0% - 60%
2 - 0% - 40%
PK3 Defense
1 - 0% - 60%
2 - 0% - 40%
44 Forward
1 - 0% - 60%
2 - 0% - 40%
44 Defense
1 - 0% - 60%
2 - 0% - 40%
Last Minute Offensive  - 0:00
Last Minute Defensive  - 0:00
Total
Forward - 60:00
Defense - 60:00

Play-by-Play

1st period


0:01 of 1st period - Patrice Bergeron wins face-off versus Jonathan Toews in neutral zone.
0:52 of 1st period - Ryan Ellis is hit by Ivan Barbashev and loses puck.
1:13 of 1st period - Wrist shot by Max Domi.
1:13 of 1st period - Shot Blocked by Cal O'Reilly.
1:15 of 1st period - Slapshot by Cody Ceci.
1:15 of 1st period - Deflect By Jared Spurgeon.
1:15 of 1st period - Stopped by Sergei Bobrovsky without a rebound.
1:16 of 1st period - Jonathan Toews wins face-off versus Patrice Bergeron in Devils zone.
1:29 of 1st period - Snap shot by Jeff Skinner.
1:29 of 1st period - Goal by Jeff Skinner - Devils : 1 - Golden Seals : 0.
1:30 of 1st period - William Karlsson wins face-off versus Brayden Point in neutral zone.
1:39 of 1st period - Snap shot by Ondrej Kase.
1:39 of 1st period - Stopped by Sergei Bobrovsky with a rebound.
2:46 of 1st period - Snap shot by Jeff Skinner.
2:46 of 1st period - Shot Misses the Net.
3:08 of 1st period - Snap shot by Ondrej Kase.
3:08 of 1st period - Stopped by Sergei Bobrovsky without a rebound.
3:09 of 1st period - Joe Pavelski wins face-off versus Kyle Turris in Devils zone.
3:10 of 1st period - Snap shot by Max Domi.
3:10 of 1st period - Shot Misses the Net.
3:18 of 1st period - Snap shot by Jonathan Toews.
3:18 of 1st period - Shot Blocked by Rasmus Ristolainen.
3:20 of 1st period - Wrist shot by Joe Pavelski.
3:20 of 1st period - Shot Misses the Net.
3:22 of 1st period - Slapshot by Nate Schmidt.
3:22 of 1st period - Shot Misses the Net.
3:24 of 1st period - Snap shot by Nate Schmidt.
3:24 of 1st period - Shot Blocked by Rasmus Ristolainen.
3:46 of 1st period - Snap shot by Ondrej Kase.
3:46 of 1st period - Stopped by Sergei Bobrovsky with a rebound.
4:18 of 1st period - Snap shot by Jaden Schwartz.
4:18 of 1st period - Shot Blocked by Thomas Hickey.
4:26 of 1st period - Snap shot by William Karlsson.
4:26 of 1st period - Stopped by Sergei Bobrovsky with a rebound.
4:28 of 1st period - Slapshot by Colton Parayko.
4:28 of 1st period - Shot Misses the Net.
4:46 of 1st period - Wrist shot by William Karlsson.
4:46 of 1st period - Shot Misses the Net.
4:48 of 1st period - Snap shot by William Karlsson.
4:48 of 1st period - Shot Misses the Net.
4:50 of 1st period - Slapshot by William Karlsson.
4:50 of 1st period - Shot Misses the Net.
4:52 of 1st period - Slapshot by Colton Parayko.
4:52 of 1st period - Deflect By Jaden Schwartz.
4:52 of 1st period - Stopped by Sergei Bobrovsky without a rebound.
4:53 of 1st period - Patrice Bergeron wins face-off versus Jonathan Toews in Devils zone.
4:53 of 1st period - Patrice Bergeron is hit by Cody Ceci.
5:05 of 1st period - Slapshot by Alex DeBrincat.
5:05 of 1st period - Stopped by Patrik Rybar with a rebound.
5:07 of 1st period - Slapshot by Jared Spurgeon.
5:07 of 1st period - Stopped by Patrik Rybar without a rebound.
5:08 of 1st period - Kyle Turris wins face-off versus Ivan Barbashev in Golden Seals zone.
5:09 of 1st period - Backhand shot by Marcus Johansson.
5:09 of 1st period - Stopped by Patrik Rybar without a rebound.
5:10 of 1st period - Kyle Turris wins face-off versus Ivan Barbashev in Golden Seals zone.
5:35 of 1st period - Keith Yandle is hit by Alex DeBrincat.
5:58 of 1st period - Icing by Patrice Bergeron.
5:59 of 1st period - Brayden Point wins face-off versus Colin Wilson in Devils zone.
6:29 of 1st period - Rasmus Ristolainen is hit by Colin Wilson and loses puck.
6:34 of 1st period - Wrist shot by Oskar Lindblom.
6:34 of 1st period - Stopped by Sergei Bobrovsky with a rebound.
6:36 of 1st period - Slapshot by Keith Yandle.
6:36 of 1st period - Deflect By Colin Wilson.
6:36 of 1st period - Shot Misses the Net.
6:36 of 1st period - Puck is out of play.
6:37 of 1st period - Jonathan Toews wins face-off versus Patrice Bergeron in Devils zone.
6:38 of 1st period - Slapshot by Max Domi.
6:38 of 1st period - Goal by Max Domi - Devils : 1 - Golden Seals : 1.
6:39 of 1st period - Brayden Point wins face-off versus Jonathan Toews in neutral zone.
7:29 of 1st period - Wrist shot by Kyle Turris.
7:29 of 1st period - Shot Blocked by William Karlsson.
7:31 of 1st period - Slapshot by Dominik Kahun.
7:31 of 1st period - Deflect By Kyle Turris.
7:31 of 1st period - Shot Misses the Net.
7:31 of 1st period - Puck is out of play.
7:32 of 1st period - Jonathan Toews wins face-off versus Marcus Johansson in Golden Seals zone.
7:47 of 1st period - Snap shot by Dominik Kahun.
7:47 of 1st period - Shot Misses the Net.
8:23 of 1st period - Snap shot by Tyler Johnson.
8:23 of 1st period - Stopped by Patrik Rybar with a rebound.
8:36 of 1st period - Off-side.
8:37 of 1st period - Cal O'Reilly wins face-off versus Colin Wilson in neutral zone.
8:52 of 1st period - Snap shot by Oskar Lindblom.
8:52 of 1st period - Shot Misses the Net.
9:02 of 1st period - Joe Pavelski is hit by Kevin Connauton and loses puck.
9:09 of 1st period - Slapshot by Colton Parayko.
9:09 of 1st period - Shot Misses the Net.
9:13 of 1st period - Snap shot by Max Domi.
9:13 of 1st period - Shot Misses the Net.
9:46 of 1st period - Backhand shot by William Karlsson.
9:46 of 1st period - Shot Misses the Net.
9:54 of 1st period - Olli Maatta is hit by Rasmus Ristolainen and loses puck.
10:29 of 1st period - Snap shot by Patrice Bergeron.
10:29 of 1st period - Stopped by Patrik Rybar with a rebound.
10:37 of 1st period - Jonathan Toews is hit by Jeff Skinner and loses puck.
11:02 of 1st period - Slapshot by Tyler Toffoli.
11:02 of 1st period - Shot Misses the Net.
12:19 of 1st period - Tyler Toffoli is hit by Kevin Connauton.
12:33 of 1st period - Wrist shot by Jaden Schwartz.
12:33 of 1st period - Stopped by Sergei Bobrovsky without a rebound.
12:34 of 1st period - William Karlsson wins face-off versus Reilly Smith in Devils zone.
13:15 of 1st period - Max Domi is hit by Rasmus Ristolainen and loses puck.
13:28 of 1st period - Backhand shot by Tyler Toffoli.
13:28 of 1st period - Stopped by Sergei Bobrovsky with a rebound.
13:58 of 1st period - Slapshot by Ondrej Kase.
13:58 of 1st period - Stopped by Sergei Bobrovsky without a rebound.
13:59 of 1st period - Patrice Bergeron wins face-off versus Jonathan Toews in Devils zone.
14:07 of 1st period - Off-side.
14:08 of 1st period - Patrice Bergeron wins face-off versus Jonathan Toews in neutral zone.
14:23 of 1st period - Snap shot by Jonathan Toews.
14:23 of 1st period - Shot Misses the Net.
14:25 of 1st period - Slapshot by Cody Ceci.
14:25 of 1st period - Stopped by Sergei Bobrovsky with a rebound.
14:33 of 1st period - Wrist shot by Jonathan Toews.
14:33 of 1st period - Shot Misses the Net.
14:35 of 1st period - Snap shot by Jonathan Toews.
14:35 of 1st period - Deflect By Joe Pavelski.
14:35 of 1st period - Stopped by Sergei Bobrovsky with a rebound.
14:41 of 1st period - Snap shot by Max Domi.
14:41 of 1st period - Stopped by Sergei Bobrovsky without a rebound.
14:42 of 1st period - Brayden Point wins face-off versus William Karlsson in Devils zone.
15:07 of 1st period - Miles Wood is hit by Marcus Johansson and loses puck.
15:48 of 1st period - Slapshot by Jonathan Toews.
15:48 of 1st period - Stopped by Sergei Bobrovsky without a rebound.
15:49 of 1st period - Jonathan Toews wins face-off versus Brayden Point in Devils zone.
15:52 of 1st period - Snap shot by Joe Pavelski.
15:52 of 1st period - Deflect By Jonathan Toews.
15:52 of 1st period - Stopped by Sergei Bobrovsky with a rebound.
16:04 of 1st period - Wrist shot by Jonathan Toews.
16:04 of 1st period - Stopped by Sergei Bobrovsky with a rebound.
16:18 of 1st period - Wrist shot by Jonathan Toews.
16:18 of 1st period - Stopped by Sergei Bobrovsky without a rebound.
16:19 of 1st period - Kyle Turris wins face-off versus William Karlsson in Devils zone.
16:33 of 1st period - Snap shot by William Karlsson.
16:33 of 1st period - Shot Blocked by Ryan Ellis.
16:35 of 1st period - Backhand shot by Ondrej Kase.
16:35 of 1st period - Stopped by Sergei Bobrovsky with a rebound.
16:45 of 1st period - Reilly Smith is hit by Miles Wood and loses puck.
16:58 of 1st period - Tyler Toffoli is hit by Jared Spurgeon and loses puck.
17:19 of 1st period - Wrist shot by Tyler Toffoli.
17:19 of 1st period - Shot Blocked by Alec Martinez.
17:23 of 1st period - Snap shot by Miles Wood.
17:23 of 1st period - Shot Misses the Net.
17:25 of 1st period - Wrist shot by Tyler Toffoli.
17:25 of 1st period - Deflect By Miles Wood.
17:25 of 1st period - Stopped by Sergei Bobrovsky with a rebound.
17:27 of 1st period - Wrist shot by Miles Wood.
17:27 of 1st period - Shot Misses the Net.
17:29 of 1st period - Wrist shot by Ivan Barbashev.
17:29 of 1st period - Shot Blocked by Alec Martinez.
17:31 of 1st period - Slapshot by Ivan Barbashev.
17:31 of 1st period - Goal by Ivan Barbashev - Devils : 1 - Golden Seals : 2.
17:32 of 1st period - Jonathan Toews wins face-off versus Patrice Bergeron in neutral zone.
17:35 of 1st period - Ryan Ellis is hit by Max Domi and loses puck.
18:00 of 1st period - Wrist shot by Marcus Johansson.
18:00 of 1st period - Stopped by Patrik Rybar without a rebound.
18:01 of 1st period - William Karlsson wins face-off versus Kyle Turris in Golden Seals zone.
18:08 of 1st period - Snap shot by Ondrej Kase.
18:08 of 1st period - Shot Misses the Net.
18:10 of 1st period - Slapshot by Cody Ceci.
18:10 of 1st period - Stopped by Sergei Bobrovsky without a rebound.
18:11 of 1st period - Patrice Bergeron wins face-off versus Jonathan Toews in Devils zone.
19:13 of 1st period - Wrist shot by Miles Wood.
19:13 of 1st period - Stopped by Sergei Bobrovsky without a rebound.
19:14 of 1st period - Patrice Bergeron wins face-off versus Jonathan Toews in Devils zone.
Goals for this period are 1 for Devils vs 2 for Golden Seals.
Shots for this period are 7 for Devils vs 23 for Golden Seals.

2nd period


0:01 of 2nd period - Patrice Bergeron wins face-off versus Jonathan Toews in neutral zone.
0:14 of 2nd period - Wrist shot by Jeff Skinner.
0:14 of 2nd period - Stopped by Patrik Rybar with a rebound.
0:16 of 2nd period - Snap shot by Patrice Bergeron.
0:16 of 2nd period - Stopped by Patrik Rybar with a rebound.
0:26 of 2nd period - Dominik Kahun is hit by Jaden Schwartz and loses puck.
2:09 of 2nd period - Wrist shot by Tyler Toffoli.
2:09 of 2nd period - Stopped by Sergei Bobrovsky without a rebound.
2:10 of 2nd period - Ivan Barbashev wins face-off versus Brayden Point in Devils zone.
2:59 of 2nd period - Snap shot by Marcus Johansson.
2:59 of 2nd period - Stopped by Patrik Rybar with a rebound.
3:01 of 2nd period - Snap shot by Marcus Johansson.
3:01 of 2nd period - Goal by Marcus Johansson - Devils : 2 - Golden Seals : 2.
3:02 of 2nd period - Jonathan Toews wins face-off versus Patrice Bergeron in neutral zone.
3:18 of 2nd period - Jeff Skinner is hit by Max Domi.
3:30 of 2nd period - Snap shot by Kyle Turris.
3:30 of 2nd period - Stopped by Patrik Rybar with a rebound.
3:32 of 2nd period - Wrist shot by Marcus Johansson.
3:32 of 2nd period - Stopped by Patrik Rybar without a rebound.
3:33 of 2nd period - Dominik Kahun wins face-off versus William Karlsson in Golden Seals zone.
3:34 of 2nd period - Snap shot by Marcus Johansson.
3:34 of 2nd period - Shot Misses the Net.
3:36 of 2nd period - Snap shot by Dominik Kahun.
3:36 of 2nd period - Shot Blocked by Nate Schmidt.
4:07 of 2nd period - Thomas Hickey is hit by Mark Letestu and loses puck.
4:40 of 2nd period - Patrice Bergeron is hit by Jaden Schwartz and loses puck.
5:13 of 2nd period - Snap shot by Tyler Toffoli.
5:13 of 2nd period - Shot Blocked by Ryan Ellis.
5:33 of 2nd period - Slapshot by Brayden Point.
5:33 of 2nd period - Stopped by Patrik Rybar with a rebound.
6:25 of 2nd period - Slapshot by Colin Wilson.
6:25 of 2nd period - Stopped by Sergei Bobrovsky without a rebound.
6:26 of 2nd period - Colin Wilson wins face-off versus Brayden Point in Devils zone.
6:29 of 2nd period - Wrist shot by Oskar Lindblom.
6:29 of 2nd period - Shot Misses the Net.
6:55 of 2nd period - Snap shot by William Karlsson.
6:55 of 2nd period - Shot Misses the Net.
7:05 of 2nd period - Wrist shot by Brayden Point.
7:05 of 2nd period - Shot Misses the Net.
7:07 of 2nd period - Slapshot by Reilly Smith.
7:07 of 2nd period - Stopped by Patrik Rybar with a rebound.
7:09 of 2nd period - Wrist shot by Tyler Johnson.
7:09 of 2nd period - Goal by Tyler Johnson - Devils : 3 - Golden Seals : 2.
7:10 of 2nd period - Jonathan Toews wins face-off versus Patrice Bergeron in neutral zone.
7:13 of 2nd period - Jeff Skinner is hit by Jonathan Toews and loses puck.
7:17 of 2nd period - Icing by Jared Spurgeon.
7:18 of 2nd period - Jonathan Toews wins face-off versus Patrice Bergeron in Devils zone.
7:27 of 2nd period - Wrist shot by Jeff Skinner.
7:27 of 2nd period - Shot Misses the Net.
7:29 of 2nd period - Wrist shot by Patrice Bergeron.
7:29 of 2nd period - Stopped by Patrik Rybar with a rebound.
8:13 of 2nd period - Wrist shot by Marcus Johansson.
8:13 of 2nd period - Stopped by Patrik Rybar with a rebound.
8:30 of 2nd period - Mark Letestu is hit by Rasmus Ristolainen and loses puck.
8:53 of 2nd period - Wrist shot by Brayden Point.
8:53 of 2nd period - Deflect By Reilly Smith.
8:53 of 2nd period - Deflect By Max Domi.
8:53 of 2nd period - Shot Misses the Net.
8:53 of 2nd period - Puck is out of play.
8:54 of 2nd period - Patrice Bergeron wins face-off versus William Karlsson in Golden Seals zone.
8:59 of 2nd period - Snap shot by Jeff Skinner.
8:59 of 2nd period - Stopped by Patrik Rybar without a rebound.
9:00 of 2nd period - Patrice Bergeron wins face-off versus Ondrej Kase in Golden Seals zone.
9:09 of 2nd period - Wrist shot by Jeff Skinner.
9:09 of 2nd period - Shot Misses the Net.
9:11 of 2nd period - Slapshot by Alex DeBrincat.
9:11 of 2nd period - Shot Blocked by Nate Schmidt.
9:27 of 2nd period - Snap shot by Jonathan Toews.
9:27 of 2nd period - Stopped by Sergei Bobrovsky without a rebound.
9:28 of 2nd period - Kyle Turris wins face-off versus Jonathan Toews in Devils zone.
9:53 of 2nd period - Wrist shot by Jonathan Toews.
9:53 of 2nd period - Stopped by Sergei Bobrovsky without a rebound.
9:54 of 2nd period - William Karlsson wins face-off versus Patrice Bergeron in Devils zone.
10:07 of 2nd period - Nate Schmidt is hit by Alec Martinez and loses puck.
10:20 of 2nd period - Snap shot by Tyler Toffoli.
10:20 of 2nd period - Shot Blocked by Brayden Point.
11:30 of 2nd period - Snap shot by Jeff Skinner.
11:30 of 2nd period - Shot Misses the Net.
12:22 of 2nd period - Wrist shot by Brayden Point.
12:22 of 2nd period - Goal by Brayden Point - Devils : 4 - Golden Seals : 2.
12:23 of 2nd period - Patrice Bergeron wins face-off versus Max Domi in neutral zone.
12:30 of 2nd period - Snap shot by Patrice Bergeron.
12:30 of 2nd period - Shot Blocked by Colton Parayko.
12:32 of 2nd period - Snap shot by Jeff Skinner.
12:32 of 2nd period - Stopped by Patrik Rybar with a rebound.
12:34 of 2nd period - Wrist shot by Patrice Bergeron.
12:34 of 2nd period - Stopped by Patrik Rybar with a rebound.
12:48 of 2nd period - Kevin Connauton is hit by Ondrej Kase and loses puck.
13:13 of 2nd period - Wrist shot by Reilly Smith.
13:13 of 2nd period - Shot Misses the Net.
13:15 of 2nd period - Wrist shot by Tyler Johnson.
13:15 of 2nd period - Stopped by Patrik Rybar with a rebound.
13:17 of 2nd period - Wrist shot by Thomas Hickey.
13:17 of 2nd period - Shot Misses the Net.
13:19 of 2nd period - Wrist shot by Tyler Johnson.
13:19 of 2nd period - Shot Blocked by Cody Ceci.
13:21 of 2nd period - Slapshot by Thomas Hickey.
13:21 of 2nd period - Shot Blocked by Keith Yandle.
13:27 of 2nd period - Minor Penalty to Miles Wood for Cross-checking.
13:28 of 2nd period - Jaden Schwartz wins face-off versus Patrice Bergeron in Golden Seals zone.
14:44 of 2nd period - Alec Martinez is hit by Robert Hagg.
15:27 of 2nd period - Penalty to Miles Wood is over, Miles Wood is back on ice.
15:30 of 2nd period - Miles Wood is hit by Zack Smith and loses puck.
15:35 of 2nd period - Wrist shot by Marcus Johansson.
15:35 of 2nd period - Shot Misses the Net.
16:33 of 2nd period - Jonathan Toews is hit by Jared Spurgeon.
16:53 of 2nd period - Slapshot by Jared Spurgeon.
16:53 of 2nd period - Shot Blocked by Keith Yandle.
16:55 of 2nd period - Slapshot by Alec Martinez.
16:55 of 2nd period - Stopped by Patrik Rybar without a rebound.
16:56 of 2nd period - Ivan Barbashev wins face-off versus Brayden Point in Golden Seals zone.
17:07 of 2nd period - Snap shot by Brayden Point.
17:07 of 2nd period - Stopped by Patrik Rybar with a rebound.
17:09 of 2nd period - Wrist shot by Ryan Ellis.
17:09 of 2nd period - Shot Blocked by Colton Parayko.
17:11 of 2nd period - Slapshot by Rasmus Ristolainen.
17:11 of 2nd period - Shot Blocked by Colton Parayko.
17:31 of 2nd period - Off-side.
17:32 of 2nd period - Jonathan Toews wins face-off versus Brayden Point in neutral zone.
18:04 of 2nd period - Jeff Skinner is hit by Robert Hagg and loses puck.
18:31 of 2nd period - Wrist shot by Colin Wilson.
18:31 of 2nd period - Stopped by Sergei Bobrovsky with a rebound.
18:33 of 2nd period - Slapshot by Olli Maatta.
18:33 of 2nd period - Shot Blocked by Ryan Ellis.
19:05 of 2nd period - Rasmus Ristolainen is hit by Colton Parayko and loses puck.
19:22 of 2nd period - Ryan Ellis is hit by Joe Pavelski and loses puck.
19:50 of 2nd period - Wrist shot by Jonathan Toews.
19:50 of 2nd period - Shot Blocked by Rasmus Ristolainen.
Goals for this period are 3 for Devils vs 0 for Golden Seals.
Shots for this period are 18 for Devils vs 5 for Golden Seals.

3rd period


0:01 of 3rd period - Patrice Bergeron wins face-off versus Jonathan Toews in neutral zone.
0:06 of 3rd period - Jonathan Toews is hit by Patrice Bergeron and loses puck.
0:15 of 3rd period - Wrist shot by Patrice Bergeron.
0:15 of 3rd period - Stopped by Patrik Rybar with a rebound.
0:32 of 3rd period - Slapshot by Dominik Kahun.
0:32 of 3rd period - Stopped by Patrik Rybar without a rebound.
0:33 of 3rd period - Patrice Bergeron wins face-off versus William Karlsson in Golden Seals zone.
0:58 of 3rd period - Slapshot by Kyle Turris.
0:58 of 3rd period - Deflect By Marcus Johansson.
0:58 of 3rd period - Stopped by Patrik Rybar without a rebound.
0:59 of 3rd period - Joe Pavelski wins face-off versus Marcus Johansson in Golden Seals zone.
0:59 of 3rd period - Joe Pavelski is hit by Kyle Turris.
1:09 of 3rd period - Snap shot by Dominik Kahun.
1:09 of 3rd period - Shot Blocked by Max Domi.
1:11 of 3rd period - Wrist shot by Marcus Johansson.
1:11 of 3rd period - Goal by Marcus Johansson - Devils : 5 - Golden Seals : 2.
1:12 of 3rd period - Patrice Bergeron wins face-off versus Jonathan Toews in neutral zone.
1:47 of 3rd period - Slapshot by Brayden Point.
1:47 of 3rd period - Shot Blocked by Colton Parayko.
1:49 of 3rd period - Slapshot by Reilly Smith.
1:49 of 3rd period - Stopped by Patrik Rybar with a rebound.
1:51 of 3rd period - Backhand shot by Alec Martinez.
1:51 of 3rd period - Stopped by Patrik Rybar with a rebound.
3:03 of 3rd period - Snap shot by Reilly Smith.
3:03 of 3rd period - Stopped by Patrik Rybar without a rebound.
3:04 of 3rd period - William Karlsson wins face-off versus Brayden Point in Golden Seals zone.
3:19 of 3rd period - Snap shot by Ondrej Kase.
3:19 of 3rd period - Deflect By Jaden Schwartz.
3:19 of 3rd period - Shot Misses the Net.
3:19 of 3rd period - Puck is out of play.
3:20 of 3rd period - Alex DeBrincat wins face-off versus Jonathan Toews in Devils zone.
4:26 of 3rd period - Jared Spurgeon is hit by Mark Letestu and loses puck.
4:47 of 3rd period - Slapshot by Jonathan Toews.
4:47 of 3rd period - Shot Misses the Net.
4:49 of 3rd period - Wrist shot by Max Domi.
4:49 of 3rd period - Stopped by Sergei Bobrovsky with a rebound.
4:51 of 3rd period - Snap shot by Olli Maatta.
4:51 of 3rd period - Shot Misses the Net.
4:57 of 3rd period - Slapshot by Rasmus Ristolainen.
4:57 of 3rd period - Stopped by Patrik Rybar without a rebound.
4:58 of 3rd period - Patrice Bergeron wins face-off versus William Karlsson in Golden Seals zone.
5:53 of 3rd period - Kyle Turris is hit by Tyler Toffoli and loses puck.
6:18 of 3rd period - Slapshot by Keith Yandle.
6:18 of 3rd period - Goal by Keith Yandle - Devils : 5 - Golden Seals : 3.
6:19 of 3rd period - Patrice Bergeron wins face-off versus Jonathan Toews in neutral zone.
6:31 of 3rd period - Slapshot by Jared Spurgeon.
6:31 of 3rd period - Shot Blocked by Colton Parayko.
6:33 of 3rd period - Slapshot by Alec Martinez.
6:33 of 3rd period - Deflect By Alex DeBrincat.
6:33 of 3rd period - Shot Hit the Post.
6:33 of 3rd period - Puck is out of play.
6:34 of 3rd period - William Karlsson wins face-off versus Brayden Point in Golden Seals zone.
6:38 of 3rd period - Icing by William Karlsson.
6:39 of 3rd period - William Karlsson wins face-off versus Brayden Point in Golden Seals zone.
6:39 of 3rd period - William Karlsson is hit by Reilly Smith.
7:07 of 3rd period - Slapshot by Rasmus Ristolainen.
7:07 of 3rd period - Shot Misses the Net.
7:15 of 3rd period - Wrist shot by Alex DeBrincat.
7:15 of 3rd period - Shot Misses the Net.
7:17 of 3rd period - Slapshot by Patrice Bergeron.
7:17 of 3rd period - Stopped by Patrik Rybar without a rebound.
7:18 of 3rd period - Ivan Barbashev wins face-off versus Dominik Kahun in Golden Seals zone.
7:45 of 3rd period - Icing by Patrice Bergeron.
7:46 of 3rd period - Jonathan Toews wins face-off versus Patrice Bergeron in Devils zone.
8:01 of 3rd period - Snap shot by Max Domi.
8:01 of 3rd period - Stopped by Sergei Bobrovsky without a rebound.
8:02 of 3rd period - William Karlsson wins face-off versus Brayden Point in Devils zone.
8:15 of 3rd period - Wrist shot by Ondrej Kase.
8:15 of 3rd period - Stopped by Sergei Bobrovsky without a rebound.
8:16 of 3rd period - Jonathan Toews wins face-off versus Patrice Bergeron in Devils zone.
8:43 of 3rd period - Minor Penalty to Rasmus Ristolainen for Holding.
8:44 of 3rd period - Zack Smith wins face-off versus Jonathan Toews in Devils zone.
8:44 of 3rd period - Zack Smith is hit by Jaden Schwartz.
9:43 of 3rd period - Tyler Toffoli is hit by Zack Smith and loses puck.
9:56 of 3rd period - Slapshot by Reilly Smith.
9:56 of 3rd period - Shot Misses the Net.
10:43 of 3rd period - Penalty to Rasmus Ristolainen is over, Rasmus Ristolainen is back on ice.
10:51 of 3rd period - Zack Smith is hit by Mark Letestu.
11:07 of 3rd period - Mark Letestu is hit by Ryan Ellis and loses puck.
11:23 of 3rd period - Marcus Johansson is hit by Cody Ceci and loses puck.
11:43 of 3rd period - Rasmus Ristolainen is hit by Robert Hagg and loses puck.
11:52 of 3rd period - Wrist shot by Rasmus Ristolainen.
11:52 of 3rd period - Stopped by Patrik Rybar with a rebound.
11:58 of 3rd period - Marcus Johansson is hit by Miles Wood and loses puck.
12:05 of 3rd period - Wrist shot by Miles Wood.
12:05 of 3rd period - Shot Blocked by Ryan Ellis.
12:07 of 3rd period - Wrist shot by Mark Letestu.
12:07 of 3rd period - Stopped by Sergei Bobrovsky with a rebound.
12:15 of 3rd period - Slapshot by Miles Wood.
12:15 of 3rd period - Shot Misses the Net.
12:17 of 3rd period - Backhand shot by Nate Schmidt.
12:17 of 3rd period - Shot Blocked by Rasmus Ristolainen.
12:19 of 3rd period - Slapshot by Keith Yandle.
12:19 of 3rd period - Deflect By Colin Wilson.
12:19 of 3rd period - Shot Misses the Net.
12:19 of 3rd period - Puck is out of play.
12:20 of 3rd period - Jonathan Toews wins face-off versus Patrice Bergeron in Devils zone.
12:33 of 3rd period - Backhand shot by Alex DeBrincat.
12:33 of 3rd period - Stopped by Patrik Rybar with a rebound.
12:41 of 3rd period - Patrice Bergeron is hit by Robert Hagg and loses puck.
14:07 of 3rd period - Icing by Ivan Barbashev.
14:08 of 3rd period - Jeff Skinner wins face-off versus Ivan Barbashev in Golden Seals zone.
14:30 of 3rd period - William Karlsson is hit by Patrice Bergeron and loses puck.
15:22 of 3rd period - Icing by William Karlsson.
15:23 of 3rd period - Dominik Kahun wins face-off versus William Karlsson in Golden Seals zone.
15:28 of 3rd period - Snap shot by Andrew Mangiapane.
15:28 of 3rd period - Deflect By Tyler Johnson.
15:28 of 3rd period - Deflect By Joe Pavelski.
15:28 of 3rd period - Shot Blocked by Nate Schmidt.
15:28 of 3rd period - Puck is out of play.
15:29 of 3rd period - William Karlsson wins face-off versus Dominik Kahun in Golden Seals zone.
15:44 of 3rd period - Joe Pavelski is hit by Alec Martinez and loses puck.
15:59 of 3rd period - Snap shot by Tyler Johnson.
15:59 of 3rd period - Stopped by Patrik Rybar without a rebound.
16:00 of 3rd period - Ivan Barbashev wins face-off versus Patrice Bergeron in Golden Seals zone.
16:07 of 3rd period - Snap shot by Miles Wood.
16:07 of 3rd period - Stopped by Sergei Bobrovsky with a rebound.
16:09 of 3rd period - Slapshot by Keith Yandle.
16:09 of 3rd period - Deflect By Patrice Bergeron.
16:09 of 3rd period - Stopped by Sergei Bobrovsky without a rebound.
16:10 of 3rd period - Ivan Barbashev wins face-off versus Patrice Bergeron in Devils zone.
16:21 of 3rd period - Wrist shot by Miles Wood.
16:21 of 3rd period - Stopped by Sergei Bobrovsky with a rebound.
16:27 of 3rd period - Snap shot by Miles Wood.
16:27 of 3rd period - Deflect By Tyler Toffoli.
16:27 of 3rd period - Stopped by Sergei Bobrovsky with a rebound.
16:29 of 3rd period - Slapshot by Cody Ceci.
16:29 of 3rd period - Stopped by Sergei Bobrovsky without a rebound.
16:30 of 3rd period - Kyle Turris wins face-off versus Jonathan Toews in Devils zone.
17:18 of 3rd period - Wrist shot by Reilly Smith.
17:18 of 3rd period - Shot Misses the Net.
17:20 of 3rd period - Slapshot by Ryan Ellis.
17:20 of 3rd period - Shot Blocked by Ondrej Kase.
17:22 of 3rd period - Snap shot by Brayden Point.
17:22 of 3rd period - Shot Blocked by Keith Yandle.
17:24 of 3rd period - Snap shot by Rasmus Ristolainen.
17:24 of 3rd period - Shot Hit the Post.
18:39 of 3rd period - William Karlsson is hit by Brayden Point and loses puck.
19:06 of 3rd period - Dominik Kahun is hit by Nate Schmidt and loses puck.
19:13 of 3rd period - Slapshot by Jared Spurgeon.
19:13 of 3rd period - Stopped by Patrik Rybar with a rebound.
19:41 of 3rd period - Rasmus Ristolainen is hit by Nate Schmidt and loses puck.
19:49 of 3rd period - Icing by Rasmus Ristolainen.
19:50 of 3rd period - Miles Wood wins face-off versus Patrice Bergeron in Devils zone.
Goals for this period are 1 for Devils vs 1 for Golden Seals.
Shots for this period are 13 for Devils vs 10 for Golden Seals.